 Dungeon Crawl Stone Soup version 0.31.0-11-ge490571c62 (webtiles) character file.

Game seed: 16115795370904070487

184 Arcadio the Chiller (level 5, -3/35 HPs)
             Began as a Barachi Ice Elementalist on Jan 31, 2024.
             Was an Initiate of Sif Muna.
             Slain by an ogre
             ... wielding a +0 giant club
              (18 damage)
             ... on level 4 of the Dungeon.
             The game lasted 00:05:58 (2939 turns).

Arcadio the Chiller (Barachi Ice Elementalist)      Turns: 2939, Time: 00:05:59

Health: -3/35      AC:  9    Str:  9    XL:     5   Next: 64%
Magic:  3/10       EV: 13    Int: 18    God:    Sif Muna [......]
Gold:   217        SH:  0    Dex: 12    Spells: 4/11 levels left

rFire   . . .        m - +0 dagger (venom)
rCold   . . .        (no shield)
rNeg    . . .        a - +0 robe
rPois   .            s - +0 hat
rElec   .            (no cloak)
rCorr   .            (no gloves)
SInv    .            (no boots)
Will    .....        (no amulet)
Stlth   ++           (no ring)
HPRegen 0.25/turn    (no ring)
MPRegen 0.12/turn

%: no passive effects
@: ice-armoured, freezing walls, slow
A: amphibious, slowness 1, strong legs 1, +LOS
a: Hop, Renounce Religion


You were on level 4 of the Dungeon.
You worshipped Sif Muna.
Sif Muna was noncommittal.
You visited 1 branch of the dungeon, and saw 4 of its levels.

You collected 217 gold pieces.

Inventory:

Hand Weapons
 c - a +0 dagger
 m - a +0 dagger of venom (weapon)
Armour
 a - a +0 robe (worn)
 j - a +2 buckler
 p - the +2 buckler of the Hot Ocelot {-Cast rPois Str+3 Dex+3}
   (You found it on level 3 of the Dungeon)

   Str+3:     It affects your strength (+3).
   Dex+3:     It affects your dexterity (+3).
   rPois:     It protects you from poison -Cast: It prevents spellcasting.
 s - a +0 hat (worn)
Wands
 k - a wand of polymorph (6)
Scrolls
 d - a scroll of amnesia {unknown}
 e - 2 scrolls of teleportation {unknown}
 f - 2 scrolls of vulnerability {unknown}
 g - 2 scrolls of identify {unknown}
 i - a scroll of poison {unknown}
 n - a scroll of silence {unknown}
 o - a scroll of fog {unknown}
 u - a scroll of revelation {unknown}
Potions
 b - 2 potions of magic
 h - a potion of curing {unknown}
 l - 2 potions of cancellation {unknown}
 q - a potion of haste {unknown}
 r - a potion of enlightenment {unknown}
 t - a potion of might {unknown}


   Skills:
 + Level 4.0 Dodging
 - Level 1.7 Stealth
 + Level 3.7 Spellcasting
 + Level 6.0 Ice Magic


You had 4 spell levels left.
You knew the following spells:

 Your Spells              Type           Power      Damage    Failure   Level
a - Freeze                Ice            100%       1d10      1%          1
b - Frozen Ramparts       Ice            50%        1d8       3%          3
c - Ozocubu's Armour      Ice            25%        N/A       3%          3

Your spell library contained the following spells:

 Spells                   Type           Power      Damage    Failure   Level
 Summon Ice Beast         Ice/Summ       14%        N/A       13%         3


Dungeon Overview and Level Annotations

Branches:
Dungeon (4/15)
 Temple: D:4-7

Altars:
Hepliaklqana
Nemelex Xobeh
Okawaru
Sif Muna
Vehumet
Wu Jian
Yredelemnul
The Shining One

Shops:
D:3 =


Innate Abilities, Weirdness & Mutations

You are amphibious.
You cover ground slowly.
You can hop short distances.
You have an extended range of vision and can be seen from far away.


Message History

You start resting.
* * * LOW HITPOINT WARNING * * *
You feel sick.
You are no longer poisoned.
You start resting.
Magic restored.
You start resting.
HP restored.
You start waiting.
Done waiting.
You open the door.
There is an open door here.
b - 2 potions of magic (gained 1) As you open the door, it creaks loudly!
There is an open door here.
You open the door.
An ogre comes into view. It is wielding a +0 giant club.
Casting: Freeze (safe; 1% risk of failure)
Confirm with . or Enter, or press ? or * to list all spells.
Casting: Frozen Ramparts (dangerous; 3% risk of failure)
Press: ? - help, Dir - look around, f - activate The walls around you are covered in ice.
The ogre shouts!
The wall freezes the ogre.
Casting: Frozen Ramparts (dangerous; 3% risk of failure)
Confirm with . or Enter, or press ? or * to list all spells.
A film of ice covers your body!
The wall freezes the ogre.
The ogre hits you with a +0 giant club!!
Ouch! That really hurt!
Casting: Ozocubu's Armour (dangerous; 3% risk of failure)
Confirm with . or Enter, or press ? or * to list all spells.
Aiming: Freeze (safe; 1% risk of failure)
Press: ? - help, Shift-Dir - straight line, f - ogre
Aim: an ogre, wielding a +0 giant club (moderately wounded)
You freeze the ogre.
The ogre is moderately wounded.
The wall freezes the ogre!
The ogre hits you with a +0 giant club!!
Ouch! That really hurt!
You die...

###..##..##..
#....##..##..
#.....#......
#.....'..##..
#....##..##..
#....##..##.. #####
#######...##......
#.....#..#..#...##......
#.....O@........##..####
#.....#.........#####
#.... #..........# #...
#..........# #..
#..........# #.
############ #


You could see an ogre.

Vanquished Creatures
  A scorpion (D:4)
  A sleepcap (D:4)
  3 adders (D:2)
  2 dart slugs
  A ribbon worm (D:2)
  An orc (D:3)
  4 ball pythons
  5 bats
  6 endoplasms
  A giant cockroach (D:2)
  6 goblins
  6 hobgoblins
  11 jackals (D:1)
  A quokka (D:2)
  4 frilled lizards
  4 kobolds
  3 rats
60 creatures vanquished.

Notes
Turn   | Place    | Note
-------+----------+-------------------------------------------
     0 | D:1      | Arcadio the Barachi Ice Elementalist began the quest for
                  | the Orb.
     0 | D:1      | Reached XP level 1. HP: 13/13 MP: 3/3
   112 | D:1      | Reached skill level 5 in Ice Magic
   112 | D:1      | Reached XP level 2. HP: 18/19 MP: 1/5
   490 | D:1      | Reached XP level 3. HP: 24/24 MP: 5/7
   662 | D:1      | Found a faded altar of an unknown god.
   951 | D:2      | Learned a level 3 spell: Frozen Ramparts
  1001 | D:2      | Learned a level 3 spell: Ozocubu's Armour
  1033 | D:2      | Reached XP level 4. HP: 30/30 MP: 5/8
  1762 | D:3      | Identified the +2 buckler of the Hot Ocelot {-Cast rPois
                  | Str+3 Dex+3}
  2180 | D:3      | Found a basalt altar of Yredelemnul.
  2186 | D:3      | Found a shimmering blue altar of Sif Muna.
  2189 | D:3      | Found a glowing golden altar of the Shining One.
  2191 | D:3      | Found an ornate altar of the Wu Jian Council.
  2192 | D:3      | Found a radiant altar of Vehumet.
  2193 | D:3      | Found Lejehutih's Jewellery Boutique.
  2193 | D:3      | Found an iron altar of Okawaru.
  2193 | D:3      | Found a hazy altar of Hepliaklqana.
  2194 | D:3      | Found a sparkling altar of Nemelex Xobeh.
  2197 | D:3      | Became a worshipper of Sif Muna the Loreminder
  2643 | D:4      | Noticed a scorpion
  2650 | D:4      | Killed a scorpion
  2651 | D:4      | Reached XP level 5. HP: 6/35 MP: 3/10
  2653 | D:4      | Reached skill level 6 in Ice Magic
  2655 | D:4      | HP: 1/35 [poisoned by a scorpion]
  2936 | D:4      | Noticed an ogre
  2939 | D:4      | Slain by an ogre

Illustrated notes

Levels and vault maps discovered:
D:1:      heliophobic_arrival_enchanted_forest, layout_rooms,
          shapermc_ecumenical_altar_mp_vishouse
D:2:      layout_loops_ring, kennysheep_generic_room_15
D:3:      layout_loops_ring, grunt_temple_overflow_open, serial_shops,
          nicolae_shop_stone, grunt_decor_junction
D:4:      minmay_bubble_buster, layout_gridville,
          minmay_temple_entry_drinking_statues, minivault_25, uniq_ijyb,
          uniq_menkaure, uniq_blork_the_orc

Skill      XL: |  1  2  3  4  5 |
---------------+----------------+-----
Ice Magic      | 5 6 |  6.0
Dodging        | 3 4 |  4.0
Spellcasting   | 3 |  3.7
Stealth        | |  1.7

Action                     |  1- 3 |  4- 6 || total
---------------------------+-------+-------++-------
  Melee: Unarmed           |     6 |       ||     6
         Dagger            |    54 |    41 ||    95
   Cast: Freeze            |    36 |    25 ||    61
         Frozen Ramparts   |       |     2 ||     2
         Ozocubu's Armour  |       |     1 ||     1
   Stab: Sleeping          |     1 |     2 ||     3
 Armour: Robe              |    46 |    32 ||    78
  Dodge: Dodged            |    66 |    39 ||   105
